General information
- name: BNet
- type: Ladder team game (AT/RT)
- host: Battle.net
- saver: MrHouse
map: Mur'gulOasis
- players: 8
- length: 69:45
- speed: Fast
- version: 1.26 W3XP
- replay type: Public
» download(321 KB)
Players
team 1 (loser)

»
poopmarster (
teal | 40 APM | 1172 actions | 29:31)
3 Priestess of the Moon
2 Trueshot Aura
1 Scout
» actions
| Assign group hotkey | 47 | |
| Build / train | 92 | |
| Enter build submenu | 14 | |
| Enter hero's abilities submenu | 3 | |
| Remove unit from queue | 1 | |
| Right click | 445 | |
| Select / deselect | 273 | |
| Select group hotkey | 239 | |
| Use ability | 58 | |
1172 total
» units
| Wisp | 11 | |
| Archer | 17 | |
| Hippogryph | 22 | |
| Faerie Dragon | 20 | |
70 total
» upgrades
| Moon Armor | 2 | |
| Strength of the Moon | 2 | |
| Improved Bows | 1 | |
| Hippogryph Taming | 1 | |
| Reinforced Hides | 2 | |
| Strength of the Wild | 2 | |
| Druid of the Talon Training | 0 | |
10 total
» buildings
| Moon Well | 6 | |
| Altar of Elders | 1 | |
| Ancient of War | 1 | |
| Hunter's Hall | 1 | |
| Ancient Protector | 2 | |
| Tree of Ages | 1 | |
| Ancient of Wonders | 1 | |
| Ancient of Wind | 2 | |
| Tree of Eternity | 2 | |
17 total
» build order
00:19 Moon Well
00:34 Altar of Elders
01:16 Ancient of War
01:22 Moon Well
02:42 Moon Well
03:15 Hunter's Hall
04:10 Moon Well
04:24 Ancient Protector
04:44 Ancient Protector
06:27 Tree of Ages
07:58 Ancient of Wonders
09:02 Ancient of Wind
09:17 Ancient of Wind
11:29 Moon Well
14:23 Tree of Eternity
19:15 Moon Well
» items
| Scroll of Town Portal | 3 | |
| Orb of Venom | 1 | |
4 total
BIG_PACKAGE (
pink | 109 APM | 3734 actions | 34:20)
4 Archmage
2 Summon Water Elemental
2 Brilliance Aura
3 Mountain King
2 Storm Bolt
1 Thunder Clap
2 Paladin
1 Holy Light
1 Divine Shield
1 Tauren Chieftain
1 Shockwave
» actions
| Assign group hotkey | 123 | |
| Basic commands | 365 | |
| Build / train | 95 | |
| ESC pressed | 5 | |
| Enter build submenu | 35 | |
| Enter hero's abilities submenu | 11 | |
| Give item / drop item | 2 | |
| Remove unit from queue | 6 | |
| Right click | 1878 | |
| Select / deselect | 520 | |
| Select group hotkey | 521 | |
| Use ability | 173 | |
3734 total
» units
| Peasant | 11 | |
| Footman | 8 | |
| Priest | 5 | |
| Rifleman | 7 | |
31 total
» upgrades
| Masonry | 3 | |
| Magic Sentry | 1 | |
| Priest Training | 2 | |
| Lumber Harvesting | 1 | |
| Gunpowder | 1 | |
| Long Rifles | 1 | |
9 total
» buildings
| Altar of Kings | 1 | |
| Farm | 8 | |
| Barracks | 2 | |
| Lumber Mill | 1 | |
| Scout Tower | 18 | |
| Arcane Tower | 4 | |
| Guard Tower | 13 | |
| Arcane Vault | 1 | |
| Keep | 1 | |
| Blacksmith | 1 | |
| Arcane Sanctum | 1 | |
| Castle | 1 | |
| Town Hall | 2 | |
54 total
» build order
00:23 Altar of Kings
00:26 Farm
00:29 Barracks
01:10 Farm
01:34 Lumber Mill
01:54 Scout Tower
02:07 Farm
02:24 Scout Tower
02:33 Arcane Tower
02:51 Farm
02:53 Guard Tower
03:26 Arcane Vault
03:34 Scout Tower
04:04 Guard Tower
04:06 Keep
04:09 Scout Tower
05:03 Guard Tower
05:04 Scout Tower
05:21 Farm
05:25 Blacksmith
05:42 Guard Tower
05:52 Scout Tower
05:55 Scout Tower
06:22 Arcane Tower
06:28 Guard Tower
06:30 Farm
08:01 Arcane Sanctum
08:57 Guard Tower
08:58 Guard Tower
10:39 Castle
11:29 Barracks
13:57 Farm
14:34 Farm
18:59 Scout Tower
19:02 Scout Tower
19:04 Scout Tower
19:35 Guard Tower
23:24 Town Hall
26:14 Town Hall
28:16 Scout Tower
28:33 Scout Tower
28:47 Scout Tower
28:50 Guard Tower
28:50 Scout Tower
29:06 Scout Tower
29:08 Guard Tower
29:08 Guard Tower
29:16 Arcane Tower
29:22 Scout Tower
29:24 Arcane Tower
29:27 Scout Tower
31:13 Guard Tower
32:02 Scout Tower
32:32 Guard Tower
» items
| Scroll of Regeneration | 3 | |
| Ivory Tower | 4 | |
| Scroll of Town Portal | 4 | |
| Potion of Healing | 1 | |
| Boots of Speed | 1 | |
| Orb of Fire | 1 | |
| Staff of Sanctuary | 1 | |
15 total

»
FatigueFracture (
green | 32 APM | 590 actions | 18:11)
3 Tauren Chieftain
1 Shockwave
2 Endurance Aura
2 Blademaster
1 Wind Walk
1 Mirror Image
» actions
| Basic commands | 2 | |
| Build / train | 57 | |
| Enter build submenu | 11 | |
| Enter hero's abilities submenu | 5 | |
| Remove unit from queue | 2 | |
| Right click | 254 | |
| Select / deselect | 204 | |
| Use ability | 55 | |
590 total
» units
| Peon | 6 | |
| Grunt | 6 | |
| Troll Headhunter/Berserker | 3 | |
| Shaman | 6 | |
| Tauren | 5 | |
26 total
» upgrades
| Armor | 2 | |
| Ranged Weapons | 1 | |
| Melee Weapons | 3 | |
| Shaman Training | 2 | |
| Pulverize | 1 | |
9 total
» buildings
| Orc Burrow | 5 | |
| Barracks | 1 | |
| Altar of Storms | 1 | |
| Voodoo Lounge | 1 | |
| War Mill | 1 | |
| Stronghold | 1 | |
| Fortress | 1 | |
| Spirit Lodge | 1 | |
| Tauren Totem | 1 | |
13 total
» build order
00:22 Orc Burrow
00:37 Barracks
00:51 Altar of Storms
01:16 Orc Burrow
01:47 Voodoo Lounge
03:08 Orc Burrow
03:45 War Mill
04:53 Stronghold
08:05 Fortress
08:14 Spirit Lodge
11:17 Tauren Totem
11:49 Orc Burrow
12:50 Orc Burrow
» items
| Healing Salve | 4 | |
| Lesser Clarity Potion | 3 | |
| Scroll of Speed | 1 | |
| Scroll of Town Portal | 1 | |
| Orb of Lightning | 1 | |
| Potion of Healing | 1 | |
11 total
mrhouse. (
purple | 57 APM | 3983 actions | 69:43)
10 Mountain King
3 Storm Bolt
3 Bash
1 Avatar
3 Thunder Clap
1 Goblin Alchemist
1 Healing Spray
» actions
| Assign group hotkey | 51 | |
| Basic commands | 191 | |
| Build / train | 103 | |
| Enter build submenu | 16 | |
| Enter hero's abilities submenu | 11 | |
| Give item / drop item | 16 | |
| Right click | 1827 | |
| Select / deselect | 417 | |
| Select group hotkey | 1193 | |
| Use ability | 158 | |
3983 total
» units
| Peasant | 11 | |
| Footman | 6 | |
| Gryphon Rider | 17 | |
34 total
» upgrades
| Masonry | 3 | |
| Swords | 2 | |
| Lumber Harvesting | 2 | |
| Armor | 1 | |
| Storm Hammers | 1 | |
| Animal War Training | 1 | |
10 total
» buildings
| Altar of Kings | 1 | |
| Barracks | 1 | |
| Farm | 11 | |
| Scout Tower | 3 | |
| Arcane Tower | 2 | |
| Arcane Vault | 1 | |
| Keep | 1 | |
| Lumber Mill | 1 | |
| Blacksmith | 1 | |
| Castle | 1 | |
| Gryphon Aviary | 2 | |
| Guard Tower | 5 | |
| Town Hall | 2 | |
32 total
» build order
00:18 Altar of Kings
00:24 Barracks
00:36 Farm
00:51 Farm
01:40 Farm
01:44 Scout Tower
02:11 Arcane Tower
02:38 Arcane Vault
03:16 Keep
03:57 Lumber Mill
04:02 Blacksmith
04:20 Farm
04:21 Farm
04:21 Farm
04:22 Farm
05:44 Castle
05:55 Gryphon Aviary
05:57 Gryphon Aviary
06:12 Farm
06:12 Farm
06:13 Farm
06:14 Farm
12:14 Guard Tower
12:23 Guard Tower
12:33 Arcane Tower
12:37 Guard Tower
22:17 Town Hall
33:27 Town Hall
66:58 Guard Tower
67:15 Scout Tower
67:44 Scout Tower
68:18 Guard Tower
» items
| Scroll of Regeneration | 7 | |
| Potion of Lesser Invulnerability | 3 | |
| Staff of Teleportation | 1 | |
| Potion of Mana | 2 | |
| Ivory Tower | 5 | |
| Staff of Sanctuary | 1 | |
| Scroll of Town Portal | 4 | |
| Lesser Clarity Potion | 1 | |
| Potion of Healing | 6 | |
| Orb of Fire | 3 | |
| Boots of Speed | 1 | |
| Periapt of Vitality | 1 | |
| Scroll of Healing | 1 | |
| Potion of Invisibility | 1 | |
37 total
team 2 (winner)

»
buckeyes (
orange | 38 APM | 1493 actions | 39:06)
5 Mountain King
2 Storm Bolt
2 Bash
1 Thunder Clap
4 Paladin
2 Holy Light
2 Divine Shield
1 Archmage
1 Brilliance Aura
» actions
| Assign group hotkey | 37 | |
| Basic commands | 22 | |
| Build / train | 109 | |
| Enter build submenu | 33 | |
| Enter hero's abilities submenu | 10 | |
| Give item / drop item | 1 | |
| Remove unit from queue | 2 | |
| Right click | 587 | |
| Select / deselect | 321 | |
| Select group hotkey | 265 | |
| Use ability | 106 | |
1493 total
» units
| Peasant | 33 | |
| Footman | 10 | |
| Knight | 12 | |
55 total
» upgrades
| Animal War Training | 1 | |
| Swords | 2 | |
| Plating | 2 | |
| Lumber Harvesting | 1 | |
| Masonry | 2 | |
8 total
» buildings
| Farm | 11 | |
| Altar of Kings | 2 | |
| Scout Tower | 4 | |
| Barracks | 2 | |
| Arcane Tower | 1 | |
| Arcane Vault | 1 | |
| Keep | 3 | |
| Lumber Mill | 1 | |
| Castle | 4 | |
| Blacksmith | 1 | |
| Town Hall | 4 | |
| Guard Tower | 2 | |
36 total
» build order
01:11 Farm
01:12 Farm
01:14 Altar of Kings
01:43 Scout Tower
01:51 Barracks
01:57 Farm
02:03 Farm
02:15 Arcane Tower
02:28 Arcane Vault
02:40 Farm
03:14 Keep
03:15 Keep
03:15 Keep
03:19 Lumber Mill
04:02 Farm
04:04 Farm
05:40 Castle
05:41 Castle
05:41 Castle
06:01 Barracks
06:27 Blacksmith
10:35 Town Hall
13:01 Scout Tower
14:23 Guard Tower
14:27 Scout Tower
14:30 Scout Tower
15:45 Guard Tower
16:30 Farm
17:18 Farm
17:20 Farm
17:20 Farm
19:34 Town Hall
23:03 Town Hall
24:06 Altar of Kings
28:06 Town Hall
» items
| Scroll of Regeneration | 2 | |
| Potion of Mana | 1 | |
| Scroll of Town Portal | 8 | |
| Orb of Fire | 3 | |
| Scroll of Healing | 4 | |
| Potion of Healing | 1 | |
19 total
BottomFeeder (
blue | 19 APM | 1305 actions | 69:44)
6 Far Seer
2 Feral Spirit
3 Far Sight
1 Earth Quake
» actions
| Assign group hotkey | 8 | |
| Basic commands | 11 | |
| Build / train | 49 | |
| ESC pressed | 3 | |
| Enter build submenu | 21 | |
| Enter hero's abilities submenu | 6 | |
| Remove unit from queue | 1 | |
| Right click | 566 | |
| Select / deselect | 538 | |
| Select group hotkey | 49 | |
| Use ability | 51 | |
1305 total
» units
| Peon | 17 | |
| Grunt | 5 | |
| Shaman | 3 | |
| Tauren | 2 | |
27 total
» upgrades
| Berserker Strength | 1 | |
| Melee Weapons | 2 | |
| Armor | 1 | |
| Shaman Training | 2 | |
6 total
» buildings
| Altar of Storms | 2 | |
| Orc Burrow | 6 | |
| Barracks | 2 | |
| Stronghold | 1 | |
| Voodoo Lounge | 1 | |
| Fortress | 1 | |
| War Mill | 1 | |
| Spirit Lodge | 2 | |
| Tauren Totem | 2 | |
| Great Hall | 2 | |
| Watch Tower | 2 | |
22 total
» build order
00:03 Altar of Storms
00:06 Orc Burrow
01:41 Altar of Storms
01:43 Barracks
01:47 Orc Burrow
02:43 Barracks
03:16 Stronghold
03:22 Voodoo Lounge
04:14 Orc Burrow
05:56 Orc Burrow
06:07 Fortress
06:36 War Mill
08:24 Spirit Lodge
09:29 Tauren Totem
09:33 Spirit Lodge
09:38 Tauren Totem
11:30 Orc Burrow
12:40 Great Hall
12:43 Watch Tower
13:51 Orc Burrow
14:30 Watch Tower
17:38 Great Hall
» items
| Scroll of Speed | 1 | |
| Healing Salve | 2 | |
| Scroll of Town Portal | 1 | |
| Boots of Speed | 1 | |
| Potion of Healing | 1 | |
6 total
try.2.be.human (
yellow | 26 APM | 1186 actions | 46:28)
9 Blademaster
3 Wind Walk
3 Critical Strike
1 Bladestorm
2 Mirror Image
» actions
| Basic commands | 29 | |
| Build / train | 79 | |
| Enter build submenu | 34 | |
| Enter hero's abilities submenu | 9 | |
| Right click | 602 | |
| Select / deselect | 326 | |
| Use ability | 107 | |
1186 total
» units
| Peon | 9 | |
| Grunt | 4 | |
| Wind Rider | 12 | |
| Troll Headhunter/Berserker | 7 | |
| Troll Batrider | 15 | |
47 total
» upgrades
| Spiked Barricades | 1 | |
| Reinforced Defenses | 1 | |
| Envenomed Spears | 1 | |
| Ranged Weapons | 1 | |
| Liquid Fire | 1 | |
| Berserker Upgrade | 1 | |
6 total
» buildings
| Altar of Storms | 1 | |
| Orc Burrow | 8 | |
| Barracks | 1 | |
| Voodoo Lounge | 2 | |
| Stronghold | 1 | |
| War Mill | 1 | |
| Watch Tower | 14 | |
| Beastiary | 2 | |
| Fortress | 1 | |
| Spirit Lodge | 1 | |
| Great Hall | 1 | |
33 total
» build order
00:09 Altar of Storms
00:26 Orc Burrow
01:00 Barracks
01:14 Voodoo Lounge
01:44 Orc Burrow
03:12 Orc Burrow
04:15 Stronghold
04:51 War Mill
05:26 Orc Burrow
06:12 Watch Tower
06:15 Watch Tower
06:17 Watch Tower
06:49 Beastiary
08:17 Beastiary
08:20 Orc Burrow
09:16 Watch Tower
09:39 Orc Burrow
10:43 Watch Tower
11:22 Fortress
12:31 Voodoo Lounge
13:05 Orc Burrow
13:11 Watch Tower
13:53 Watch Tower
15:55 Watch Tower
20:29 Spirit Lodge
21:08 Orc Burrow
22:22 Watch Tower
25:15 Great Hall
25:18 Watch Tower
25:21 Watch Tower
25:24 Watch Tower
25:26 Watch Tower
25:29 Watch Tower
» items
| Healing Salve | 5 | |
| Scroll of Town Portal | 5 | |
| Orb of Lightning | 1 | |
| Scroll of Speed | 3 | |
14 total
MrHouse (
red | 46 APM | 3204 actions | 69:45)
10 Mountain King
3 Storm Bolt
3 Bash
1 Avatar
3 Thunder Clap
» actions
| Assign group hotkey | 202 | |
| Basic commands | 232 | |
| Build / train | 109 | |
| Enter build submenu | 52 | |
| Enter hero's abilities submenu | 10 | |
| Give item / drop item | 17 | |
| Right click | 1461 | |
| Select / deselect | 607 | |
| Select group hotkey | 370 | |
| Use ability | 141 | |
3204 total
» units
| Peasant | 11 | |
| Footman | 12 | |
| Gryphon Rider | 24 | |
| Knight | 3 | |
| Dragonhawk Rider | 2 | |
52 total
» upgrades
| Masonry | 3 | |
| Swords | 3 | |
| Animal War Training | 1 | |
| Storm Hammers | 1 | |
| Armor | 3 | |
| Backpack | 1 | |
| Plating | 3 | |
| Cloud | 1 | |
16 total
» buildings
| Altar of Kings | 3 | |
| Barracks | 1 | |
| Farm | 25 | |
| Scout Tower | 12 | |
| Arcane Tower | 1 | |
| Keep | 2 | |
| Lumber Mill | 2 | |
| Arcane Vault | 2 | |
| Guard Tower | 11 | |
| Castle | 2 | |
| Gryphon Aviary | 2 | |
| Blacksmith | 1 | |
| Town Hall | 2 | |
66 total
» build order
00:04 Altar of Kings
00:09 Barracks
00:14 Farm
01:33 Farm
01:50 Scout Tower
02:13 Farm
02:20 Arcane Tower
03:32 Keep
04:13 Scout Tower
04:14 Scout Tower
04:28 Lumber Mill
04:33 Lumber Mill
04:58 Farm
05:22 Arcane Vault
05:35 Guard Tower
05:35 Guard Tower
06:13 Farm
06:28 Castle
07:05 Scout Tower
07:07 Scout Tower
08:08 Guard Tower
08:09 Guard Tower
08:14 Gryphon Aviary
08:16 Gryphon Aviary
08:21 Blacksmith
11:05 Farm
12:22 Farm
13:23 Farm
16:02 Farm
17:58 Farm
19:26 Scout Tower
19:27 Scout Tower
20:49 Guard Tower
20:49 Guard Tower
21:29 Farm
23:35 Altar of Kings
24:52 Farm
25:55 Town Hall
27:01 Scout Tower
27:02 Scout Tower
27:03 Scout Tower
27:04 Scout Tower
27:36 Guard Tower
28:11 Guard Tower
28:50 Guard Tower
29:10 Guard Tower
29:19 Farm
40:40 Arcane Vault
41:22 Scout Tower
45:25 Keep
45:26 Guard Tower
49:52 Castle
49:56 Farm
49:59 Farm
51:49 Altar of Kings
51:55 Farm
52:22 Farm
52:59 Farm
53:40 Farm
54:10 Farm
54:17 Farm
57:17 Town Hall
60:29 Farm
60:33 Farm
60:44 Farm
60:47 Farm
» items
| Staff of Teleportation | 1 | |
| Boots of Speed | 1 | |
| Scroll of Town Portal | 1 | |
| Orb of Fire | 1 | |
| Scroll of Regeneration | 2 | |
| Potion of Healing | 4 | |
| Potion of Mana | 3 | |
13 total
Chat log
(01:19 / All) BottomFeeder: i
(03:50 / Allies) BottomFeeder: yellow i save them health manual for u
(03:57 / Allies) BottomFeeder: since ur a combat hero
(04:05 / Allies) try.2.be.human: kool
(04:26 / Allies) BottomFeeder: they rush
(04:47 / Allies) BottomFeeder: u need me to tp?
(04:53 / Allies) BottomFeeder: yellow get the tomb
(04:54 / Allies) try.2.be.human: red
(05:03 / Allies) MrHouse: ?
(05:07 / Allies) BottomFeeder: milita
(05:07 / Allies) try.2.be.human: oj
(05:34 / Allies) buckeyes: late
(07:04 / Allies) BottomFeeder: tp all
(08:05 / Allies) BottomFeeder: creep expos
(08:14 / Allies) BottomFeeder: or counteR?
(08:23 / Allies) MrHouse: counter
(08:34 / Allies) BottomFeeder: tp kill pink
(08:43 / Allies) BottomFeeder: milita?
(08:45 / Allies) try.2.be.human: call to arms
(08:46 / Allies) try.2.be.human: oj
(08:48 / Allies) try.2.be.human: shit
(09:03 / Allies) BottomFeeder: we cant counter help me get expo
(09:12 / Allies) BottomFeeder: get doods back on mine
(09:20 / All) BIG_PACKAGE: nv
(09:22 / Allies) BottomFeeder: u nleft grunt in my base ylo
(09:47 / Allies) BottomFeeder: CREEP
(09:55 / Allies) BottomFeeder: god,
(10:06 / Allies) BottomFeeder: wtf guys
(10:08 / Allies) buckeyes: back
(10:08 / Allies) BottomFeeder: srsly wtf
(10:21 / Allies) BottomFeeder: i hope all my grunts die
(10:25 / Allies) BottomFeeder: thuis is bullshit
(12:20 / Allies) try.2.be.human: let me get heal
(12:47 / Allies) BottomFeeder: tower expo pj
(12:48 / Allies) BottomFeeder: oj
(13:39 / Allies) BottomFeeder: any1 have wood?
(13:49 / Allies) BottomFeeder: rthnx
(13:54 / Allies) MrHouse: I need wood too, please
(13:57 / Allies) MrHouse: to make more gryphons
(15:02 / Allies) BottomFeeder: tp to oj
(15:09 / Allies) try.2.be.human: comin
(15:12 / Allies) BottomFeeder: need aa
(16:06 / Allies) BottomFeeder: need gold and wood
(16:28 / Allies) BottomFeeder: i will farsee tehier bases 1 sec
(17:17 / Allies) BottomFeeder: reD?
(17:32 / Allies) BottomFeeder: red has gone rouge
(19:51 / Allies) try.2.be.human: they towered up
(19:54 / Allies) try.2.be.human: hit purp air
(19:55 / Allies) MrHouse: good
(20:02 / Allies) try.2.be.human: tauren
(20:10 / Allies) BottomFeeder: we lost red has gone rouge
(20:45 / Allies) try.2.be.human: bummer
(20:50 / Allies) BottomFeeder: red wtf lol
(21:12 / All) try.2.be.human: too bad
(21:15 / All) try.2.be.human: was a good game
(21:19 / All) MrHouse: I know
(21:22 / All) MrHouse: still is
(21:41 / Allies) BottomFeeder: red do u plan on winning at this point?
(21:44 / Allies) MrHouse: yes
(21:50 / Allies) MrHouse: stabber on other team
(21:52 / Allies) MrHouse: mrhouse.
(21:55 / Allies) MrHouse: ty
(21:57 / Allies) try.2.be.human: ?
(22:00 / Allies) try.2.be.human: who?
(22:04 / Allies) BottomFeeder: oh lol
(22:08 / Allies) BottomFeeder: he hasnt stabed yet
(22:23 / Allies) BottomFeeder: but i guess he will stab when the time is right?
(22:28 / Allies) MrHouse: yes
(23:37 / Allies) BottomFeeder: lol
(23:44 / Allies) MrHouse: mr house is stabbing now
(23:47 / Allies) MrHouse: he is sorry
(23:49 / Allies) BottomFeeder: k
(24:05 / Allies) BottomFeeder: but teal can kill mrhouse.
(24:49 / Allies) BottomFeeder: are u controlling both? like with 2 laptops?
(24:53 / Allies) MrHouse: no
(24:56 / Allies) MrHouse: he's a friend
(25:00 / Allies) BottomFeeder: ah, k
(25:38 / Allies) BottomFeeder: lol ylo
(25:43 / Allies) BottomFeeder: cancle
(25:49 / Allies) BottomFeeder: save the doe
(26:14 / Allies) BottomFeeder: how is purp doing on his stabbing escapade?
(26:38 / All) BIG_PACKAGE: tael
(26:48 / All) BIG_PACKAGE: teal
(26:50 / All) BIG_PACKAGE: kill puirploe
(26:53 / All) BIG_PACKAGE: or u will; die
(26:56 / All) mrhouse.: teal
(26:59 / All) mrhouse.: pink is backstabbing
(27:00 / All) mrhouse.: kill him
(27:04 / All) BottomFeeder: lol
(27:07 / All) mrhouse.: pink just leave the game, ur ruining it
(27:09 / All) mrhouse.: i hate people like
(27:10 / All) mrhouse.: u
(27:13 / All) mrhouse.: stupid tkers
(27:13 / All) try.2.be.human: lol
(27:34 / All) BIG_PACKAGE: teal
(27:37 / Allies) BottomFeeder: red... oj expanded
(27:42 / Allies) BottomFeeder: see it
(27:43 / Allies) MrHouse: I know
(28:17 / Allies) BottomFeeder: ylo and oj, the gold is for red
(28:22 / Allies) try.2.be.human: np
(28:29 / Allies) try.2.be.human: i think this is some funny shit
(28:33 / Allies) BottomFeeder: lol oj trying to fight it
(28:45 / Allies) BottomFeeder: LOL
(28:48 / Allies) BottomFeeder: OJ MADE ANOTHER
(28:59 / Allies) MrHouse: lol
(29:22 / Allies) BottomFeeder: cancel it oj u nogen-head
(29:36 / All) BIG_PACKAGE: blah
(29:43 / Allies) BottomFeeder: k, oj out of gold
(29:47 / Allies) BottomFeeder: he cant make any more
(29:49 / All) BIG_PACKAGE: red and uirple
(29:52 / Allies) BottomFeeder: unless yelo feeds him
(29:54 / All) BIG_PACKAGE: u guys must be gay
(30:07 / Allies) BottomFeeder: or unless he creeps enough gold
(30:13 / Allies) BottomFeeder: or does long distance moining
(30:16 / Allies) BottomFeeder: mining
(30:44 / Allies) BottomFeeder: ima attack teal with my peons
(31:42 / All) BIG_PACKAGE: yellow
(31:43 / Allies) BottomFeeder: red can u cover my peons while i attack teal?
(31:45 / All) BIG_PACKAGE: dont do that
(31:48 / All) BIG_PACKAGE: kill purple
(32:15 / Allies) BottomFeeder: red my epoins
(32:20 / All) mrhouse.: gj red
(32:23 / All) MrHouse: thanks
(32:24 / All) MrHouse: sir
(32:34 / Allies) BottomFeeder: red cover my peons
(32:51 / Allies) BottomFeeder: is purp still gunna stab teal?
(32:58 / Allies) try.2.be.human: teal left
(33:01 / Allies) MrHouse: probably
(33:02 / Allies) BottomFeeder: ah
(33:07 / Allies) BottomFeeder: nm he left
(33:25 / All) BIG_PACKAGE: purple expanding
(33:29 / All) BIG_PACKAGE: at 7 oclock
(33:31 / All) MrHouse: good
(33:32 / All) BIG_PACKAGE: in middle
(33:35 / All) BIG_PACKAGE: oragne
(33:37 / All) BIG_PACKAGE: get hm
(33:39 / All) BIG_PACKAGE: not me
(33:45 / All) BIG_PACKAGE: idiot orange
(33:48 / All) BIG_PACKAGE: middle
(33:52 / All) BIG_PACKAGE: he has griff tho
(33:54 / All) BIG_PACKAGE: get yellow to come
(34:06 / All) mrhouse.: nice
(34:07 / All) mrhouse.: lawl
(34:08 / All) try.2.be.human: too late
(34:09 / All) try.2.be.human: well
(34:10 / All) try.2.be.human: gg
(34:14 / All) try.2.be.human: g2g
(34:15 / All) try.2.be.human: lata
(34:16 / All) mrhouse.: YELLOW WAIT
(34:18 / All) mrhouse.: IM BACKSTABBING
(34:20 / All) mrhouse.: PINK IS DEAD
(34:32 / All) try.2.be.human: it doesnt look like it lol
(34:38 / All) mrhouse.: LOOK AT TEALS BASE
(34:40 / All) mrhouse.: RETARD
(34:41 / All) mrhouse.: AND PINK
(34:46 / All) MrHouse: nice
(34:47 / All) try.2.be.human: ah u said pink
(34:52 / All) MrHouse: killing me by a tavern
(34:53 / All) MrHouse: dumbass
(35:00 / All) BottomFeeder: purp has control of entire other team
(35:18 / All) BottomFeeder: who will win? red or purple?
(35:23 / All) MrHouse: your mom
(35:56 / All) try.2.be.human: well it looks like teal has some base left
(35:57 / Allies) BottomFeeder: red resurect at tavern
(36:01 / Allies) MrHouse: I did
(36:05 / Allies) BottomFeeder: oh
(36:14 / All) mrhouse.: yellow ur a moron i swear, me and pink were killing each other all game
(36:23 / Allies) MrHouse: I love your peon army btw
(36:36 / Allies) MrHouse: it was hilarious watching it kill stuff
(36:49 / All) mrhouse.: nvn my team left
(36:51 / All) mrhouse.: u guys lose
(36:56 / All) BottomFeeder: lol
(37:00 / All) try.2.be.human: and it looks like p;ink is still there too
(37:18 / All) mrhouse.: pink left moron
(37:22 / All) MrHouse: do you have stuff to feed me?
(37:25 / All) MrHouse: a level 10 mk would be fun
(37:30 / All) mrhouse.: if my expo stays alive yes
(37:33 / All) MrHouse: k
(37:40 / All) try.2.be.human: ass pink left but you said you took out his base
(37:45 / All) try.2.be.human: i think ur a little tarded
(37:47 / All) try.2.be.human: bre
(37:51 / All) BottomFeeder: bre
(37:53 / All) BottomFeeder: lol
(37:54 / All) mrhouse.: yellow leave, pink left
(37:55 / All) BottomFeeder: u mean re
(37:57 / All) try.2.be.human: :-)
(38:12 / All) BottomFeeder: ill kill the critters
(38:30 / Allies) MrHouse: thanks
(38:35 / Allies) MrHouse: for gold and lumber
(38:35 / All) BottomFeeder: np
(38:50 / Allies) BottomFeeder: oh i thought u mean thanks for killing these annoying critters
(39:08 / All) mrhouse.: can u noob level 30's plz leave
(39:14 / All) MrHouse: lol
(39:24 / All) try.2.be.human: i'm happy i killed teal's well... I can leave in peace now!
(39:29 / All) mrhouse.: level 30's getting in same game with level 1's is a sad day for wc3
(39:34 / All) MrHouse: indeed
(40:44 / Allies) BottomFeeder: oh shit
(40:46 / Allies) BottomFeeder: lol
(40:59 / All) BottomFeeder: run ylo
(41:04 / All) try.2.be.human: nah
(41:10 / All) mrhouse.: for gondor
(41:19 / All) mrhouse.: i feel like watching lotr
(41:24 / All) mrhouse.: have all 3 movies on dvr
(41:30 / All) BottomFeeder: lol
(41:32 / All) try.2.be.human: great series
(41:39 / All) MrHouse: I love using a knight for quick item transportation
(41:41 / All) mrhouse.: i love rpgs so it gets me in the mood
(41:42 / All) MrHouse: it's pro at late game
(41:46 / All) MrHouse: got 2 scrolls of healing with him
(41:54 / All) MrHouse: scrolls of *regeneration
(41:59 / All) mrhouse.: i dont think ive ever used the item upgrade
(42:06 / All) MrHouse: it's actually pretty good
(42:12 / All) MrHouse: don't have to move hero to get a potion or something
(42:17 / All) MrHouse: just send a fast knight
(42:22 / All) try.2.be.human: looks like purp beat the base kill
(42:24 / All) BottomFeeder: purple u need to upgrade ur air
(42:35 / All) BottomFeeder: red has3-3 air
(42:36 / All) mrhouse.: i never upgrade air only go to 1-1
(42:36 / All) MrHouse: I have 3/3 air
(42:43 / All) MrHouse: 3/3 is so much bette
(42:44 / Allies) MrHouse: r
(42:45 / All) try.2.be.human: 2 -1
(42:46 / All) MrHouse: r
(42:53 / All) MrHouse: and you always have the resources late game
(43:18 / All) BottomFeeder: red u need more expos
(43:27 / All) MrHouse: doesn't matter
(43:29 / All) mrhouse.: u still go on mesn messenger itachi?
(43:29 / All) MrHouse: the game is over
(43:36 / All) MrHouse: don't really go on it much anymore
(43:40 / Allies) try.2.be.human: shop
(43:45 / All) mrhouse.: u got turncoated added rite
(43:51 / All) MrHouse: don't think so
(43:55 / All) MrHouse: possibly
(44:21 / All) mrhouse.: i think hotmail.com automatically puts u on messenger if ur signed in
(44:23 / All) mrhouse.: im not sure tho
(44:40 / All) try.2.be.human: wow i actually killed (3) wells...!!
(44:47 / All) try.2.be.human: i'm so proud of my peons!!!
(44:56 / All) BottomFeeder: nice
(45:29 / All) try.2.be.human: ok so... well if this doesnt get exciting...
(45:34 / All) try.2.be.human: i will call it a nite
(45:36 / All) mrhouse.: ur gonna win yellow
(45:38 / All) mrhouse.: trust me
(45:39 / All) MrHouse: don't kill my bs yet purp
(45:41 / All) try.2.be.human: no matter
(45:43 / All) MrHouse: I want 3/3 knights first
(45:55 / All) BottomFeeder: u have only 1 knight
(46:00 / Allies) MrHouse: making a 2nd
(46:03 / All) MrHouse: making a 2nd
(46:07 / All) mrhouse.: u guys like rpgs?
(46:08 / All) MrHouse: I just want to see the stats
(46:18 / All) mrhouse.: GET KINGDOMS OF AMALUR RECKONING, GONNA RELEASE IN FEB 2012
(46:40 / All) mrhouse.: stats ur team
(46:57 / Allies) MrHouse: buckeyes - 1368 - 1409 w/l
(47:03 / All) MrHouse: buckeyes 1368 - 1409 w/l
(47:13 / All) BottomFeeder: buckeyes kinda crappy
(47:19 / All) MrHouse: try.2.be.human 19-15 w/l
(47:19 / All) mrhouse.: i have no idea how teal had that record
(47:21 / All) mrhouse.: hes a moron
(47:32 / All) MrHouse: BottomFeeder - 281/290 w/l
(47:46 / All) BottomFeeder: hey, dont show mine
(47:49 / All) BottomFeeder: thats embarassing
(47:50 / All) BottomFeeder: lol
(48:00 / Allies) MrHouse: BIG_PACKAGE - 10/3 w/l
(48:06 / All) mrhouse.: blue did u get ur far seer to lvl 6?
(48:08 / All) MrHouse: BIG_PACKAGE 10/3 w/l
(48:12 / All) mrhouse.: i think i got it at level 5
(48:15 / All) BottomFeeder: yes
(48:20 / All) BottomFeeder: no i had 6
(48:26 / All) mrhouse.: what untis did u get
(48:27 / All) mrhouse.: i forgot
(48:32 / All) BottomFeeder: tauren and shamen
(48:35 / All) MrHouse: FatigueFracture - 33/30 w/l
(48:44 / All) mrhouse.: i already stats on myteam
(48:48 / All) MrHouse: oh
(49:01 / All) BottomFeeder: whqat did poop have?
(49:10 / All) mrhouse.: fairly good for him
(49:16 / All) mrhouse.: hero duel red
(49:19 / All) mrhouse.: meet at fountain
(49:20 / All) MrHouse: poopmarsters - 260/257 w/l
(49:22 / All) MrHouse: k
(49:36 / All) MrHouse: 33 - 53 dmg knights 3/3
(49:38 / All) BottomFeeder: their team had better recs
(49:43 / All) MrHouse: 11 armor 40% reduction, damn
(50:22 / All) BottomFeeder: red give purp item to make it fair
(50:26 / All) BottomFeeder: nm he fuill
(50:28 / All) MrHouse: a potion or something
(50:28 / All) BottomFeeder: full
(50:32 / All) MrHouse: 1 slot now
(50:43 / All) mrhouse.: im win
(51:01 / All) BottomFeeder: nah red hero too tuff
(51:10 / All) MrHouse: wtf
(51:13 / All) MrHouse: invulnerability
(51:40 / All) BottomFeeder: lol
(51:41 / All) mrhouse.: haha
(51:41 / All) MrHouse: fuck you
(51:42 / All) MrHouse: cunt
(52:00 / Allies) MrHouse: gold please
(52:00 / All) BottomFeeder: it was that invul
(52:04 / Allies) BottomFeeder: im out
(52:06 / All) MrHouse: cheating pos
(52:06 / Allies) BottomFeeder: 0/0
(52:11 / All) mrhouse.: pro
(52:14 / All) MrHouse: fuck you
(52:15 / All) MrHouse: diaf
(52:18 / All) mrhouse.: i thought we were gonna bolt at same time
(52:31 / Allies) MrHouse: gold please
(52:36 / Allies) BottomFeeder: im out
(52:38 / Allies) MrHouse: before you leave
(52:39 / Allies) BottomFeeder: 0
(52:41 / Allies) MrHouse: god damn
(52:50 / All) MrHouse: i want my hero back
(52:52 / All) MrHouse: before this ends
(52:55 / All) mrhouse.: pots are plausible
(52:59 / All) mrhouse.: survival of fittest
(53:04 / All) MrHouse: not invulnerability ones
(53:05 / All) mrhouse.: oh by the way i need advice on cooking shit
(53:15 / All) BottomFeeder: what kind of shit?
(53:25 / All) mrhouse.: my hamburgers keep burning on outside on the pan on stove, and dont really cook in inside
(53:28 / All) mrhouse.: how do i solve this
(53:29 / All) MrHouse: put the shit in the pot, it will taste like shit either way
(53:31 / All) mrhouse.: vegetable oil?
(53:45 / All) MrHouse: I am awful at cooking
(53:46 / All) mrhouse.: they burn real quick, the outside that is
(53:49 / All) BottomFeeder: well, u might just need to turn the temp down
(53:53 / All) mrhouse.: im just gonna use microwave
(53:55 / All) mrhouse.: it is down
(53:57 / All) mrhouse.: all the way
(53:59 / All) MrHouse: I could teach you how to light your burgers on fire at best
(54:03 / All) BottomFeeder: lower the temp and let them sit longer
(54:05 / All) mrhouse.: lawl
(54:09 / All) mrhouse.: i do let them sit
(54:10 / All) mrhouse.: trust me
(54:16 / Allies) BottomFeeder: but at too much temp
(54:18 / All) mrhouse.: would vegetable oil work?
(54:22 / Allies) BottomFeeder: how thick is the patty?
(54:28 / All) MrHouse: fucking
(54:29 / Allies) BottomFeeder: no the oil wont help
(54:31 / All) MrHouse: my gold mine
(54:35 / All) MrHouse: doesn't even have enough gold
(54:37 / All) MrHouse: to resurrect my hero
(54:39 / All) MrHouse: :(((((((
(54:46 / All) mrhouse.: how?
(54:50 / All) mrhouse.: u have an expo
(54:51 / All) BottomFeeder: thinner patties
(54:51 / All) MrHouse: 240 left
(54:55 / All) MrHouse: canceled the farm
(55:00 / All) MrHouse: still might not be enough
(55:02 / All) MrHouse: I did spend it all
(55:06 / Allies) BottomFeeder: maybe u can make a lvl 1 hero
(55:11 / Allies) BottomFeeder: and purp can give u items to sell
(55:12 / All) mrhouse.: bring ur knight to fountain so he can sell?
(55:16 / Allies) MrHouse: that would cost more
(55:20 / All) MrHouse: k
(55:22 / Allies) MrHouse: since lumber
(55:23 / All) mrhouse.: i think blue should get win?
(55:26 / Allies) MrHouse: although I have tons of that
(55:28 / All) MrHouse: agreed
(55:31 / All) BottomFeeder: yay
(55:48 / All) MrHouse: problem is
(55:50 / All) MrHouse: I need supply too
(55:52 / All) MrHouse: 83/54
(56:00 / All) mrhouse.: how the fuck are u out of gold
(56:02 / All) mrhouse.: u got an expo
(56:04 / All) MrHouse: don't ask me
(56:06 / All) MrHouse: I spend my gold
(56:09 / All) mrhouse.: mine is still going
(56:15 / All) MrHouse: mine depleted
(56:18 / All) MrHouse: i gues mine is more pro
(56:21 / All) BottomFeeder: red needs more golds
(56:22 / All) mrhouse.: u go tenough?
(56:26 / All) MrHouse: no
(56:30 / All) MrHouse: need to make farms for supply
(56:33 / All) MrHouse: and then 550 for hero
(57:01 / All) MrHouse: I have enough to expo now
(57:02 / All) MrHouse: good
(57:07 / All) mrhouse.: so blue
(57:11 / All) mrhouse.: how do i solve this problem
(57:16 / All) mrhouse.: hamburger one
(57:21 / All) BottomFeeder: thinner patties
(57:23 / All) MrHouse: blue is the iron chef
(57:24 / All) mrhouse.: cooking in microwave is ok right?
(57:25 / All) BottomFeeder: lower heat
(57:29 / All) mrhouse.: the burgers cooked fine at first though
(57:32 / All) mrhouse.: why is that?
(57:42 / All) mrhouse.: is something wrong with the pan?
(57:49 / All) BottomFeeder: coz the heat transfer across the meat is slow
(57:54 / All) mrhouse.: should i put soap on it? i just wash it with water and put in dishwasher
(58:00 / All) mrhouse.: god dammit blue, i said its on lowest heat
(58:05 / All) BottomFeeder: hmmm
(58:14 / All) BottomFeeder: then thinner patties
(58:20 / All) mrhouse.: i cant'...
(58:22 / All) BottomFeeder: and maybe put a lid on the pan, if it has one
(58:49 / All) mrhouse.: its pissing me off
(58:49 / All) BottomFeeder: knights can sell
(59:02 / All) MrHouse: I did sell everything I had
(59:02 / All) BottomFeeder: well try the veg oil
(59:09 / All) BottomFeeder: might help better than nothing
(59:09 / All) mrhouse.: how gold u got nigga
(59:15 / All) MrHouse: I'm expoing
(59:17 / All) MrHouse: for gold
(59:20 / All) BottomFeeder: but prolly not a whole lot
(59:32 / All) MrHouse: expo is up
(59:34 / All) MrHouse: yay
(59:36 / All) MrHouse: income at last
(59:45 / All) MrHouse: full 10000 gold mine
(60:10 / All) BottomFeeder: there is still gold in a bottom mine
(60:15 / All) BottomFeeder: and a top mine
(60:28 / All) mrhouse.: duh
(60:32 / All) mrhouse.: this game is almost over
(60:37 / All) MrHouse: now I just need supply
(60:40 / All) MrHouse: to make the mk
(60:46 / All) mrhouse.: red is learning the basics of wc3 in 4v4
(60:48 / All) BottomFeeder: in the next dwarf v dwarf, no invuls?
(60:52 / All) MrHouse: lawl
(60:53 / All) BottomFeeder: lol
(60:54 / All) MrHouse: I know them
(61:00 / All) MrHouse: I played since '03 or something
(61:04 / All) mrhouse.: i matched with u before blue
(61:10 / All) mrhouse.: a couple times
(61:14 / All) mrhouse.: blue if we meet again
(61:17 / All) BottomFeeder: did i win?
(61:20 / All) MrHouse: yes
(61:22 / All) mrhouse.: ill say a secret phrase so that u know its me or red k?
(61:24 / All) MrHouse: about to make mk
(61:28 / All) BottomFeeder: k
(61:28 / All) MrHouse: last farm finishing
(61:38 / All) mrhouse.: secret phrase is Feed george bush
(61:39 / All) mrhouse.: k?
(61:42 / All) BottomFeeder: k
(61:43 / All) MrHouse: harvesting 200 more gold
(61:48 / All) MrHouse: and then mk is being resurrected
(61:49 / All) mrhouse.: if u hear that, me and red may be in game and we'll do same thing
(61:56 / All) BottomFeeder: k
(62:02 / All) mrhouse.: did u know we were gonna do this
(62:06 / All) mrhouse.: did u have a hunch
(62:12 / All) BottomFeeder: no, i didnt look at names
(62:18 / All) BottomFeeder: if i saw names then possibly
(62:20 / All) mrhouse.: i stabbed pink
(62:27 / All) MrHouse: I'm surprised people aren't suspicious more often about the same names
(62:34 / All) MrHouse: mk on the way
(62:39 / All) MrHouse: jesus level 10 heroes take al ong time
(62:46 / All) BottomFeeder: games load fast these days, a lot of people might not look
(62:51 / All) MrHouse: does it cost more at taverns?
(62:55 / All) BottomFeeder: in 03 it was much slower
(62:55 / All) mrhouse.: red it took u forever to mien i have no idea
(63:01 / All) BottomFeeder: yes tavs are costly
(63:22 / All) BottomFeeder: too bad griffons cant carry items
(63:26 / All) MrHouse: yes
(63:29 / All) MrHouse: that would be awesome
(63:42 / All) BottomFeeder: u could air lift items to each other
(63:55 / All) MrHouse: griffin battle
(64:06 / All) MrHouse: I'm not even microing
(64:09 / All) MrHouse: and I'm winning
(64:11 / All) MrHouse: upgrades are pro
(64:24 / All) MrHouse: MK IS BACK
(64:26 / All) MrHouse: MOTHERFUCKERS
(64:29 / All) BottomFeeder: dwarf time, no cheating
(64:36 / All) MrHouse: GOD DAMN I HAVE NO MANA
(65:05 / All) MrHouse: no mana
(65:06 / All) MrHouse: not fair
(65:10 / All) BottomFeeder: buy a mana potion
(65:11 / All) mrhouse.: not my problem
(65:55 / All) MrHouse: ok
(65:56 / All) MrHouse: now
(65:58 / All) MrHouse: let's duel
(66:36 / All) MrHouse: not my problem
(66:44 / All) BottomFeeder: LOL WTF
(67:14 / Allies) BottomFeeder: make a flying machine
(67:15 / All) MrHouse: RAPED
(67:16 / All) MrHouse: SIR
(67:19 / All) BottomFeeder: LOL
(67:26 / All) mrhouse.: ho w u see me
(67:28 / All) BottomFeeder: wtf how u know where he was?
(67:30 / All) MrHouse: THUNDER STORM
(67:32 / All) MrHouse: BITCHES
(67:41 / All) MrHouse: lucky guess
(68:02 / All) BottomFeeder: u come out of the tav injured
(68:08 / Allies) BottomFeeder: tp
(68:10 / Allies) BottomFeeder: nm
(68:12 / All) BottomFeeder: nm
(68:15 / All) MrHouse: OWNED AGAIN
(69:01 / All) BottomFeeder: the lvl 1 is a waste of time without items from merc shop
(69:23 / All) mrhouse.: can i leave now
(69:26 / All) MrHouse: yes
(69:28 / All) MrHouse: well played sir
(69:34 / All) mrhouse.: im gonna watch tv
(69:36 / All) MrHouse: k
(69:42 / All) mrhouse.: ill be on at 9pm like